TOP OF THE 1ST |
District 9 Prawns batting - Pitching for Gresham Gold Souls : LHP Francisco Nieto
|
Pitching: LHP Francisco Nieto
|
|
Batting: SHB Félix Montoya
|
0-0: Ball 1-0: Called Strike 1-1: Called Strike 1-2: Strikes out looking
|
Batting: RHB José Colón
|
0-0: Fly out, F8 (Flyball, 8LD)
|
Batting: RHB Reynold Akker
|
0-0: Foul Ball, location: 2F 0-1: Foul Ball, location: 2F 0-2: Foul Ball, location: 2F 0-2: Strikes out swinging
|
Top of the 1st over - 0 run(s), 0 hit(s), 0 error(s), 0 left on base; District 9 0 - Gresham 0 |
BOTTOM OF THE 1ST |
Gresham Gold Souls batting - Pitching for District 9 Prawns : RHP Fernando Mendoza
|
Pitching: RHP Fernando Mendoza
|
|
Batting: LHB Bill Smith
|
0-0: Swinging Strike 0-1: SINGLE (Line Drive, 7S)
|
Batting: RHB Pablo Castillo
|
0-0: Ground out 5-3 (Groundball, 56S) Bill Smith to second
|
Batting: RHB Mario Méndez
|
0-0: Called Strike 0-1: Ball 1-1: Foul Ball, location: 2F 1-2: Foul Ball, location: 2F 1-2: Foul Ball, location: 2F 1-2: SINGLE (Groundball, P) (infield hit) Bill Smith to third
|
Batting: RHB Gabriel Miranda
|
0-0: Ball 1-0: Called Strike 1-1: SINGLE (Flyball, 78S) Bill Smith scores Mario Méndez to second
|
Batting: RHB Matt Davidson
|
0-0: Ball 1-0: Called Strike 1-1: Foul Ball, location: 2F 1-2: Strikes out swinging
|
Batting: SHB Todd Smith
|
0-0: Called Strike 0-1: Ball 1-1: Ball 2-1: Fly out, F8 (Line Drive, 8RD)
|
Bottom of the 1st over - 1 run(s), 3 hit(s), 0 error(s), 2 left on base; District 9 0 - Gresham 1 |
TOP OF THE 2ND |
District 9 Prawns batting - Pitching for Gresham Gold Souls : LHP Francisco Nieto
|
Batting: SHB Rick Turner
|
0-0: Called Strike 0-1: Ball 1-1: Foul Ball, location: 2F 1-2: Foul Ball, location: 2F 1-2: Strikes out swinging
|
Batting: RHB Felipe Jareño
|
0-0: Ball 1-0: Called Strike 1-1: Foul Ball, location: 2F 1-2: Fly out, F4 (Popup, 4D)
|
Batting: LHB Culley Vaughan
|
0-0: Called Strike 0-1: Ball 1-1: Swinging Strike 1-2: Strikes out swinging
|
Top of the 2nd over - 0 run(s), 0 hit(s), 0 error(s), 0 left on base; District 9 0 - Gresham 1 |
BOTTOM OF THE 2ND |
Gresham Gold Souls batting - Pitching for District 9 Prawns : RHP Fernando Mendoza
|
Batting: LHB Ezechiele Bruno
|
0-0: Called Strike 0-1: Swinging Strike 0-2: Ball 1-2: Ball 2-2: Ball 3-2: Foul Ball, location: 2F 3-2: Strikes out swinging
|
Batting: RHB Brian Dixon
|
0-0: Swinging Strike 0-1: Foul Ball, location: 2F 0-2: Ground out 5-3 (Groundball, 56)
|
Batting: RHB Gustavo Pagán
|
0-0: Called Strike 0-1: Ball 1-1: SINGLE (Groundball, 25) (infield hit)
|
Batting: LHB Bill Smith
|
0-0: Ball 1-0: SINGLE (Flyball, 8RS) Gustavo Pagán to second
|
Batting: RHB Pablo Castillo
|
0-0: Foul Ball, location: 2F 0-1: Ball 1-1: Fielders Choice at 2nd, 6-4 (Groundball, 6)
|
Bottom of the 2nd over - 0 run(s), 2 hit(s), 0 error(s), 1 left on base; District 9 0 - Gresham 1 |
TOP OF THE 3RD |
District 9 Prawns batting - Pitching for Gresham Gold Souls : LHP Francisco Nieto
|
Batting: LHB Terry Simpson
|
0-0: Swinging Strike 0-1: Swinging Strike 0-2: Foul Ball, location: 2F 0-2: Strikes out swinging
|
Batting: RHB Phil Jacobs
|
0-0: Swinging Strike 0-1: Foul Ball, location: 2F 0-2: Ball 1-2: Strikes out looking
|
Batting: LHB Miguel Barrón
|
0-0: Swinging Strike 0-1: Ball 1-1: Foul Ball, location: 2F 1-2: Strikes out swinging
|
Top of the 3rd over - 0 run(s), 0 hit(s), 0 error(s), 0 left on base; District 9 0 - Gresham 1 |
BOTTOM OF THE 3RD |
Gresham Gold Souls batting - Pitching for District 9 Prawns : RHP Fernando Mendoza
|
Batting: RHB Mario Méndez
|
0-0: Ball 1-0: SINGLE (Flyball, 78S)
|
Batting: RHB Gabriel Miranda
|
0-0: Ball 1-0: Ball 2-0: SINGLE (Groundball, 4) (infield hit) Mario Méndez to second
|
Batting: RHB Matt Davidson
|
0-0: Foul Ball, location: 2F 0-1: Ball 1-1: Ball 2-1: Foul Ball, location: 2F 2-2: Strikes out swinging
|
Batting: SHB Todd Smith
|
0-0: Ball 1-0: Called Strike 1-1: Ball 2-1: Foul Ball, location: 2F 2-2: Ball 3-2: DOUBLE (Line Drive, 9LS) Mario Méndez scores Gabriel Miranda to third
|
Batting: LHB Ezechiele Bruno
|
0-0: Ball 1-0: SINGLE (Line Drive, 4MD) Gabriel Miranda scores Todd Smith to third
|
Batting: RHB Brian Dixon
|
0-0: Called Strike 0-1: Ball 1-1: Foul Ball, location: 2F 1-2: Ball 2-2: Ball 3-2: Foul Ball, location: 2F 3-2: Fly out, F8 (Line Drive, 89D) Runner from 3rd tags up, SCORES, no throw
|
Batting: RHB Gustavo Pagán
|
0-0: Ball 1-0: Foul Ball, location: 2F 1-1: Foul Ball, location: 2F 1-2: Foul Ball, location: 2F 1-2: Fly out, F9 (Flyball, 89S)
|
Bottom of the 3rd over - 3 run(s), 4 hit(s), 0 error(s), 1 left on base; District 9 0 - Gresham 4 |
TOP OF THE 4TH |
District 9 Prawns batting - Pitching for Gresham Gold Souls : LHP Francisco Nieto
|
Batting: SHB Félix Montoya
|
0-0: Ball 1-0: Ground out 5-3 (Groundball, 5L)
|
Batting: RHB José Colón
|
0-0: Called Strike 0-1: Called Strike 0-2: Foul Ball, location: 2F 0-2: Ball 1-2: Foul Ball, location: 2F 1-2: Strikes out swinging
|
Batting: RHB Reynold Akker
|
0-0: Called Strike 0-1: Ball 1-1: Ball 2-1: Foul Ball, location: 2F 2-2: Foul Ball, location: 2F 2-2: Foul Ball, location: 2F 2-2: Foul Ball, location: 2F 2-2: Ball 3-2: Base on Balls
|
Batting: SHB Rick Turner
|
0-0: Called Strike 0-1: Ball 1-1: Ball 2-1: Swinging Strike 2-2: Foul Ball, location: 2F 2-2: Ball 3-2: Ground out 5-3 (Groundball, 5S)
|
Top of the 4th over - 0 run(s), 0 hit(s), 0 error(s), 1 left on base; District 9 0 - Gresham 4 |
BOTTOM OF THE 4TH |
Gresham Gold Souls batting - Pitching for District 9 Prawns : RHP Fernando Mendoza
|
Batting: LHB Bill Smith
|
0-0: Ball 1-0: Swinging Strike 1-1: Ball 2-1: Called Strike 2-2: Ball 3-2: Foul Ball, location: 2F 3-2: Strikes out looking
|
Batting: RHB Pablo Castillo
|
0-0: Called Strike 0-1: Ground out 6-3 (Groundball, 6M)
|
Batting: RHB Mario Méndez
|
0-0: Foul Ball, location: 2F 0-1: Ball 1-1: Ball 2-1: Swinging Strike 2-2: Foul Ball, location: 2F 2-2: Foul Ball, location: 2F 2-2: Strikes out looking
|
Bottom of the 4th over - 0 run(s), 0 hit(s), 0 error(s), 0 left on base; District 9 0 - Gresham 4 |
TOP OF THE 5TH |
District 9 Prawns batting - Pitching for Gresham Gold Souls : LHP Francisco Nieto
|
Batting: RHB Felipe Jareño
|
0-0: Ball 1-0: Swinging Strike 1-1: Called Strike 1-2: Ball 2-2: Foul Ball, location: 2F 2-2: Ball 3-2: Foul Ball, location: 2F 3-2: SINGLE (Line Drive, 89S)
|
Pitching: RHP Clark Noble
|
|
Batting: LHB Culley Vaughan
|
0-0: Swinging Strike 0-1: Ball 1-1: Hit by Pitch Felipe Jareño to second
|
Batting: LHB Terry Simpson
|
0-0: Ball 1-0: Ball 2-0: Ball 3-0: Base on Balls Felipe Jareño to third Culley Vaughan to second
|
Batting: RHB Phil Jacobs
|
0-0: Called Strike 0-1: Ball 1-1: SINGLE (Line Drive, 78S) Felipe Jareño scores Culley Vaughan to third Terry Simpson to second
|
Batting: LHB Miguel Barrón
|
0-0: Fly out, F7 (Flyball, 7S)
|
Batting: SHB Félix Montoya
|
0-0: Ball 1-0: Called Strike 1-1: Foul Ball, location: 2F 1-2: Strikes out swinging
|
Batting: RHB José Colón
|
0-0: Called Strike 0-1: Foul Ball, location: 2F 0-2: Ball 1-2: Ball 2-2: Foul Ball, location: 2F 2-2: Ball 3-2: Fly out, F8 (Flyball, 8LM)
|
Top of the 5th over - 1 run(s), 2 hit(s), 0 error(s), 3 left on base; District 9 1 - Gresham 4 |
BOTTOM OF THE 5TH |
Gresham Gold Souls batting - Pitching for District 9 Prawns : RHP Fernando Mendoza
|
Pitching: RHP Lee Hecker
|
|
Batting: RHB Gabriel Miranda
|
0-0: Ball 1-0: Foul Ball, location: 2F 1-1: Called Strike 1-2: Ball 2-2: SINGLE (Flyball, 8RS)
|
Batting: RHB Matt Davidson
|
0-0: Foul Ball, location: 2F 0-1: Called Strike 0-2: Ball 1-2: Strikes out looking
|
Batting: SHB Todd Smith
|
0-0: Fly out, F4 (Popup, 4S)
|
Batting: LHB Ezechiele Bruno
|
0-0: Ball Gabriel Miranda steals 2nd base 1-0: Ball 2-0: Called Strike 2-1: Ball 3-1: Called Strike 3-2: Foul Ball, location: 2F 3-2: Ground out 6-3 (Groundball, 6)
|
Bottom of the 5th over - 0 run(s), 1 hit(s), 0 error(s), 1 left on base; District 9 1 - Gresham 4 |
TOP OF THE 6TH |
District 9 Prawns batting - Pitching for Gresham Gold Souls : RHP Clark Noble
|
Batting: RHB Reynold Akker
|
0-0: Called Strike 0-1: Swinging Strike 0-2: Strikes out swinging
|
Batting: SHB Rick Turner
|
0-0: Ball 1-0: SINGLE (Groundball, 4MD)
|
Batting: RHB Felipe Jareño
|
0-0: Ball 1-0: Grounds into double play, 2-4-3 (Groundball, 2L)
|
Top of the 6th over - 0 run(s), 1 hit(s), 0 error(s), 0 left on base; District 9 1 - Gresham 4 |
BOTTOM OF THE 6TH |
Gresham Gold Souls batting - Pitching for District 9 Prawns : RHP Lee Hecker
|
Batting: RHB Brian Dixon
|
0-0: Swinging Strike 0-1: Called Strike 0-2: Ball 1-2: Strikes out swinging
|
Batting: RHB Gustavo Pagán
|
0-0: Ball 1-0: Foul Ball, location: 2F 1-1: Fly out, F5 (Popup, 5L)
|
Batting: LHB Bill Smith
|
0-0: Fly out, F8 (Flyball, 8RXD)
|
Bottom of the 6th over - 0 run(s), 0 hit(s), 0 error(s), 0 left on base; District 9 1 - Gresham 4 |
TOP OF THE 7TH |
District 9 Prawns batting - Pitching for Gresham Gold Souls : RHP Clark Noble
|
Batting: LHB Culley Vaughan
|
0-0: Called Strike 0-1: Ball 1-1: Called Strike 1-2: Ball 2-2: Foul Ball, location: 2F 2-2: SINGLE (Flyball, 8RS)
|
Batting: LHB Terry Simpson
|
0-0: Ball 1-0: Foul Ball, location: 2F 1-1: Grounds into double play, 4-6-3 (Groundball, 4MD)
|
Batting: RHB Phil Jacobs
|
0-0: Ball 1-0: Foul Ball, location: 2F 1-1: Called Strike 1-2: Fly out, F9 (Flyball, 9D)
|
Top of the 7th over - 0 run(s), 1 hit(s), 0 error(s), 0 left on base; District 9 1 - Gresham 4 |
BOTTOM OF THE 7TH |
Gresham Gold Souls batting - Pitching for District 9 Prawns : RHP Lee Hecker
|
Batting: RHB Pablo Castillo
|
0-0: Swinging Strike 0-1: Fly out, F6 (Line Drive, 6)
|
Batting: RHB Mario Méndez
|
0-0: Swinging Strike 0-1: Foul Ball, location: 2F 0-2: Strikes out swinging
|
Batting: RHB Gabriel Miranda
|
0-0: Ball 1-0: Ground out 1-3 (Groundball, P)
|
Bottom of the 7th over - 0 run(s), 0 hit(s), 0 error(s), 0 left on base; District 9 1 - Gresham 4 |
TOP OF THE 8TH |
District 9 Prawns batting - Pitching for Gresham Gold Souls : RHP Clark Noble
|
Batting: LHB Miguel Barrón
|
0-0: Ball 1-0: Fly out, F9 (Flyball, 9LM)
|
Batting: SHB Félix Montoya
|
0-0: Ground out 4-3 (Groundball, 34)
|
Batting: RHB José Colón
|
0-0: Ground out 4-3 (Groundball, 4)
|
Top of the 8th over - 0 run(s), 0 hit(s), 0 error(s), 0 left on base; District 9 1 - Gresham 4 |
BOTTOM OF THE 8TH |
Gresham Gold Souls batting - Pitching for District 9 Prawns : RHP Lee Hecker
|
Batting: RHB Matt Davidson
|
0-0: Ball 1-0: Foul Ball, location: 2F 1-1: Foul Ball, location: 2F 1-2: Strikes out swinging
|
Batting: SHB Todd Smith
|
0-0: Reached on error, E4 (Groundball, 4)
|
Batting: LHB Ezechiele Bruno
|
0-0: Intentional Walk
|
Batting: RHB Brian Dixon
|
0-0: Called Strike 0-1: Ball 1-1: SINGLE (Line Drive, 7LS) Todd Smith to third Ezechiele Bruno to second
|
Pinch Hitting: RHB Peter Hensley
|
0-0: Grounds into fielders choice 3-2 (Groundball, 34) Ezechiele Bruno to third Brian Dixon to second
|
Batting: LHB Bill Smith
|
0-0: Called Strike 0-1: SINGLE (Groundball, 4) (infield hit) Ezechiele Bruno scores Brian Dixon to third Peter Hensley to second
|
Batting: RHB Pablo Castillo
|
0-0: Called Strike 0-1: Ball 1-1: Ball 2-1: Called Strike 2-2: Strikes out swinging
|
Bottom of the 8th over - 1 run(s), 2 hit(s), 1 error(s), 3 left on base; District 9 1 - Gresham 5 |
TOP OF THE 9TH |
District 9 Prawns batting - Pitching for Gresham Gold Souls : RHP Clark Noble
|
Now in CF: Peter Hensley
|
|
Batting: RHB Reynold Akker
|
0-0: Foul Ball, location: 2F 0-1: Swinging Strike 0-2: Ball 1-2: Ball 2-2: Strikes out swinging
|
Batting: SHB Rick Turner
|
0-0: Called Strike 0-1: Ground out 6-3 (Groundball, 6)
|
Batting: RHB Felipe Jareño
|
0-0: Ball 1-0: Foul Ball, location: 2F 1-1: Ball 2-1: Ball 3-1: SINGLE (Line Drive, 4MD)
|
Batting: LHB Culley Vaughan
|
0-0: Foul Ball, location: 2F 0-1: Ball 1-1: Swinging Strike 1-2: Ball 2-2: Strikes out swinging
|
Top of the 9th over - 0 run(s), 1 hit(s), 0 error(s), 1 left on base; District 9 1 - Gresham 5 |
|